Construct Infanterie Kompanie
Selects Luftwaffe Battlegroup
Construct Panzergrenadier Kompanie
Selects Stuka Strafing Run
Pak 40 Anti-tank Gun Team
Construct Panzer Kompanie
Selects Fallschirmjäger Squad Paradrop
Selects Fallschirmpioneer Squad Paradrop
Selects LG40 Recoilless Launcher Paradrop
Pak 40 Anti-tank Gun Team